 Dungeon Crawl Stone Soup version 0.26.1-11-gd32895ea62 (webtiles) character file.

Game seed: 17614473698708073211

1412515 tamionv the Merfolkian Porcupine (level 27, 201/201 HPs)
             Began as a Merfolk Fighter on July 10, 2021.
             Was an Initiate of Gozag.
             Escaped with the Orb
             ... and 3 runes!
             The game lasted 02:45:29 (104041 turns).

tamionv the Merfolkian Porcupine (MfFi)           Turns: 104041, Time: 02:45:30

Health: 201/201    AC: 49    Str: 29    XL:     27
Magic:  20/20      EV: 25    Int: 13    God:    Gozag
Gold:   1998       SH: 25    Dex: 28    Spells: 26/26 levels left

rFire    + + .     SeeInvis .   b - +5 demon trident (elec)
rCold    + + .     Faith    .   x - +3 kite shield {reflect}
rNeg     + + .     Spirit   .   o - +15 crystal plate armour of Caolafo {Dex+4}
rPois    +         Reflect  +   B - +2 hat {Will+}
rElec    .         Harm     .   S - +0 cloak {rPois}
rCorr    .         Rampage  .   R - +0 pair of gloves "Nogiw" {rF- rC+ rN++}
Will     ++...     Rnd*Tele +   Z - +2 pair of boots of Insecurity {rF+ rC+}
Stlth    ..........             f - amulet "Ynophoeroud" {RegenMP rPois rF+ Will- Int+2 Slay+2}
HPRegen  0.83/turn              y - ring "Mutoemay" {+Fly Str+10 Stlth-}
MPRegen  0.42/turn              J - ring of protection from fire

@: no status effects
A: change form in water, swift swim, stealthy swim, large bone plates 1, yellow
scales 1, agile 1, frail 1, low mp 1, regeneration 1, strong 1, teleportitis 1,
evolution 1, no potion heal 2
0: Orb of Zot
}: 3/15 runes: decaying, silver, gossamer
a: Renounce Religion, Evoke Flight, Potion Petition, Call Merchant, Bribe Branch


You escaped.
You worshipped Gozag.
Gozag was most pleased with you.
You visited 11 branches of the dungeon, and saw 52 of its levels.
You visited the Abyss 2 times.
You visited 1 bazaar.
You also visited: Desolation.

You collected 31864 gold pieces.
You spent 10469 gold pieces at shops.
You paid 19397 gold pieces to Gozag.

Inventory:

Hand Weapons
 b - a +5 demon trident of electrocution (weapon)
 G - a +3 vorpal bardiche
Missiles
 d - 2 throwing nets
 X - 8 javelins (quivered)
Armour
 o - the +15 crystal plate armour of Caolafo (worn) {Dex+4}
   (You bought it in a shop on level 4 of the Lair of Beasts)

   It affects your dexterity (+4).
 x - a +3 kite shield of reflection (worn)
 B - a +2 hat of willpower (worn)
 R - the +0 pair of gloves "Nogiw" (worn) {rF- rC+ rN++}
   (You bought it in a shop on level 4 of the Lair of Beasts)

   It makes you vulnerable to fire.
   It protects you from cold.
   It greatly protects you from negative energy.
 S - a +0 cloak of poison resistance (worn)
 Z - the +2 pair of boots of Insecurity (worn) {rF+ rC+}
   (You bought it in a shop on level 4 of the Lair of Beasts)

   It protects you from fire.
   It protects you from cold.
Jewellery
 f - the amulet "Ynophoeroud" (around neck) {RegenMP rPois rF+ Will- Int+2 Slay+2}
   (You bought it in a shop on level 4 of the Vaults)

   [amulet of magic regeneration]

   It increases your magic regeneration.
   It affects your intelligence (+2).
   It affects your accuracy and damage with ranged weapons and melee attacks
   (+2).
   It protects you from fire.
   It protects you from poison.
   It affects your willpower, your defense against some magical effects.
 k - a +6 ring of dexterity
 q - an uncursed ring of see invisible
 v - the ring of Xom's Amusement {rElec rF+ Str+2 Int-4}
   (You bought it in a shop in a bazaar)

   [ring of intelligence]

   It affects your strength (+2).
   It affects your intelligence (-4).
   It protects you from fire.
   It insulates you from electricity.
 y - the ring "Mutoemay" (left hand) {+Fly Str+10 Stlth-}
   (You found it on level 1 of the Swamp)

   [ring of flight]

   It affects your strength (+10).
   It lets you fly.
   It makes you less stealthy.
 F - an uncursed ring of resist corrosion
 J - a ring of protection from fire (right hand)
Wands
 e - a wand of flame (72)
 n - a wand of digging (14)
 r - a wand of enslavement (15)
 s - a wand of paralysis (25)
 C - a wand of random effects (113)
 K - a wand of polymorph (33)
 T - a wand of disintegration (25)
 Y - a wand of acid (12)
Scrolls
 c - 13 scrolls of identify
 i - 12 scrolls of fog
 m - a scroll of amnesia
 t - 6 scrolls of fear
 z - 29 scrolls of remove curse
 H - 4 scrolls of torment
 I - 6 scrolls of enchant armour
 L - 4 scrolls of summoning
 M - 2 scrolls of silence
Potions
 g - 3 potions of resistance
 h - 8 potions of ambrosia
 j - 13 potions of lignification
 l - 2 potions of haste
 u - a potion of heal wounds
 A - 4 potions of magic
 D - 21 potions of curing
 E - 3 potions of might
 P - 3 potions of berserk rage
 V - 2 potions of brilliance
 W - 4 potions of invisibility
Miscellaneous
 a - a lightning rod (4/4)
 N - a box of beasts
 O - a condenser vane


   Skills:
 + Level 20.1 Fighting
 O Level 27 Polearms
 + Level 15.3 Armour
 + Level 23.3 Dodging
 - Level 12.1 Stealth
 + Level 20.8 Shields
 + Level 18.4 Evocations


You had 26 spell levels left.
You didn't know any spells.
Your spell library contained the following spells:

 Spells                   Type           Power        Failure   Level
 Animate Skeleton         Necr           0%           99%         1
 Apportation              Tloc           0%           99%         1
 Beastly Appendage        Tmut           0%           99%         1
 Corona                   Hex            0%           99%         1
 Magic Dart               Conj           0%           99%         1
 Pain                     Necr           0%           99%         1
 Sandblast                Erth           0%           99%         1
 Sting                    Tmut/Pois      0%           99%         1
 Summon Small Mammal      Summ           0%           99%         1
 Blink                    Tloc           N/A          100%        2
 Call Imp                 Summ           0%           100%        2
 Corpse Rot               Necr/Air       N/A          100%        2
 Ensorcelled Hibernation  Hex/Ice        0%           100%        2
 Passwall                 Tmut/Erth      0%           100%        2
 Slow                     Hex            0%           100%        2
 Swiftness                Air            0%           100%        2
 Wereblood                Tmut           0%           100%        2
 Call Canine Familiar     Summ           0%           100%        3
 Conjure Flame            Conj/Fire      0%           100%        3
 Gell's Gravitas          Tloc           0%           100%        3
 Ignite Poison            Fire/Tmut/Pois 0%           100%        3
 Lesser Beckoning         Tloc           0%           100%        3
 Mephitic Cloud           Conj/Pois/Air  0%           100%        3
 Portal Projectile        Hex/Tloc       0%           100%        3
 Spider Form              Tmut/Pois      0%           100%        3
 Static Discharge         Conj/Air       0%           100%        3
 Stone Arrow              Conj/Erth      0%           100%        3
 Teleport Other           Tloc           0%           100%        3
 Tukima's Dance           Hex            0%           100%        3
 Dispel Undead            Necr           0%           100%        4
 Ice Form                 Ice/Tmut       0%           100%        4
 Leda's Liquefaction      Hex/Erth       0%           100%        4
 Passage of Golubria      Tloc           N/A          100%        4
 Petrify                  Tmut/Erth      0%           100%        4
 Summon Lightning Spire   Summ/Air       0%           100%        4
 Alistair's Intoxication  Tmut/Pois      0%           100%        5
 Blade Hands              Tmut           0%           100%        5
 Bolt of Magma            Conj/Fire/Erth 0%           100%        5
 Borgnjor's Vile Clutch   Necr/Erth      0%           100%        5
 Lee's Rapid Deconstruct  Erth           0%           100%        5
 Lightning Bolt           Conj/Air       0%           100%        5
 Metabolic Englaciation   Hex/Ice        0%           100%        5
 Silence                  Hex/Air        0%           100%        5
 Summon Forest            Summ/Tloc      0%           100%        5
 Conjure Ball Lightning   Conj/Air       0%           100%        6
 Dispersal                Tloc           0%           100%        6
 Eringya's Noxious Bog    Tmut/Pois      0%           100%        6
 Freezing Cloud           Conj/Ice/Air   0%           100%        6
 Hydra Form               Tmut           0%           100%        6
 Invisibility             Hex            0%           100%        6
 Iron Shot                Conj/Erth      0%           100%        6
 Ozocubu's Refrigeration  Ice            0%           100%        6
 Shadow Creatures         Summ           N/A          100%        6
 Simulacrum               Ice/Necr       0%           100%        6
 Statue Form              Tmut/Erth      0%           100%        6
 Summon Hydra             Summ           0%           100%        7
 Ignition                 Fire           0%           100%        8
 Dragon's Call            Summ           0%           100%        9
 Shatter                  Erth           0%           100%        9
 Tornado                  Air            0%           100%        9


Dungeon Overview and Level Annotations

Branches:
Dungeon (15/15)            Temple (1/1) D:4            Lair (6/6) D:10
  Swamp (4/4) Lair:4       Spider (4/4) Lair:2        Slime (0/5) Lair:5
    Orc (2/2) D:10            Elf (2/3) Orc:2        Vaults (5/5) D:13
  Crypt (3/3) Vaults:3       Tomb (0/3) Crypt:3      Depths (5/5) D:15
    Zot (5/5) Depths:5    Desolation (visited)

Altars:
Ashenzari
Cheibriados
Dithmenos
Elyvilon
Fedhas
Gozag
Hepliaklqana
Kikubaaqudgha
Makhleb
Nemelex Xobeh
Okawaru
Qazlal
Ru
Sif Muna
Trog
Uskayaw
Vehumet
Wu Jian
Xom
Yredelemnul
Zin
The Shining One
Beogh
Jiyva

Shops:
D:4 !}!(   D:8 =   D:9 :}!   Orc:2 [*[*=(   Elf:1 }!*=   Elf:2 }   Lair:4 *[
Vaults:1 ?   Vaults:2 !   Vaults:4 =[   Depths:4 [[[

Portals:
Hell: Depths:1 Depths:2 Depths:3 Depths:4* Depths:5
Abyss: Depths:3 Depths:4 Depths:5
Pandemonium: Depths:3 Depths:5
Ziggurat: Depths:4

Annotations:
D:7 1 runed translucent door, Crazy Yiuf
D:8 2 transporters, Almogavar's ghost, novice HOFi
D:10 exclusion: 2 oklob saplings
D:11 2 transporters, Amplified's ghost, journeyman BaIE; Sonja
D:14 exclusion: 4 doors
Lair:2 exclusion: 2 oklob plants
Lair:5 Almogavar's ghost, journeyman MiBe; drjones's ghost, journeyman DsGl
Lair:6 2 transporters, Zich's ghost, journeyman DEVM
Spider:3 2 transporters, Iberphipp's ghost, adept DgFi; Roxanne; Usomaex's ghost, journeyman GrMo
Crypt:1 2 transporters, exclusion: orange crystal statue
Depths:1 2 transporters, Ziwnem's ghost, adept DgCj
Depths:3 1 exclusion
Depths:5 exclusions: door and orange crystal statue
Zot:1 1 exclusion
Zot:3 2 transporters


Innate Abilities, Weirdness & Mutations

You revert to your normal form in water.
You are very nimble and swift while swimming.
You are very stealthy in the water. (Stealth+)
You are partially covered in large bone plates. (SH +4)
You are partially covered in yellow scales. (AC +2)
You are agile. (Dex +2)
You are frail. (-10% HP)
Your magical capacity is low. (-10% MP)
Your natural rate of healing is unusually fast.
Your muscles are strong. (Str +2)
You are occasionally teleported next to monsters.
You evolve.
Potions are poor at restoring your health.


Message History

The Orb Guardian is heavily wounded.
You block the Orb Guardian's attack.
You puncture the Orb Guardian!
The Orb Guardian is severely wounded.
The Orb Guardian barely misses you.
You hit the Orb Guardian.
The Orb Guardian is severely wounded.
You block the Orb Guardian's attack. You block the Orb Guardian's attack.
You see here a spear.
The Orb Guardian misses you. The Orb Guardian completely misses you.
There is an open door here.
You block the Orb Guardian's attack. You block the Orb Guardian's attack.
There is an open door here.
You block the Orb Guardian's attack.
There is a staircase leading out of the dungeon here.
You block the Orb Guardian's attack.
You have escaped!

#.......#...##.# #.....#
#.......#...##.# #.....#
####'####...##.# #.....# #
#.# #...##.# #.....# # #.#
#......# #.....#### # #.#
######.# #..(...... # #.#
###### #[........ ####.#
#...######.........
.....#####
#.@.##.............
.........#
#.X.##.###.........
########.#
###'###.##..........
#.#####.....+.##...#......
#.#...#.....#.##...#.#....
#.#.8.'..⌠..#.##...#†#..##
#.#...#.....#.##...#)##.##
#.#####....('.######.##..#
### #.# ###+###.# #.###.#


You could see an Orb Guardian.

Vanquished Creatures
  3 orbs of fire (Zot:4)
  An ancient lich (Vaults:4)
  Mara (Spider:2)
  Sojobo (Vaults:4)
  Bai Suzhen (Depths:2)
  Frederick (Vaults:2)
  A Killer Klown (Zot:4)
  A curse toe (Zot:3)
  5 caustic shrikes (Depths:4)
  8 golden dragons
  2 bone dragons (Crypt:2)
  Arachne (Spider:1)
  Rupert (D:13)
  18 tentacled monstrosities
  3 Orb Guardians
  4 liches
  Jorgrun (Orc:1)
  5 titans (Vaults:4)
  11 quicksilver dragons
  Asterion (Depths:2)
  An acid blob (Depths:4)
  3 tentacled starspawn (Abyss:3)
  5 sphinxes
  13 death cobs
  8 ancient champions
  12 shadow dragons
  A thorn hunter (Swamp:4)
  Kirke (Lair:6)
  11 tengu reavers
  10 storm dragons
  3 draconian monks
  A revenant (Crypt:1)
  3 azure jellies (Depths:4)
  Donald (Spider:4)
  A fenstrider witch (Swamp:3)
  2 deep elf sorcerers
  A draconian scorcher (Zot:2)
  Aizul (Spider:4)
  6 frost giants
  4 fire giants
  A curse skull (Zot:1)
  6 draconian knights
  5 ghost moths
  7 emperor scorpions
  12 vault wardens
  A caustic shrike zombie (Crypt:1)
  2 draconian stormcallers
  2 balrugs
  A war gargoyle (Vaults:5)
  3 spriggan defenders
  4 ghouls
  A deep elf elementalist (Elf:2)
  9 very ugly things
  4 draconian annihilators
  3 draconian shifters
  10 ironheart preservers
  22 stone giants
  5 green draconians
  7 black draconians
  11 vampire knights
  Nessos (D:13)
  3 deep elf annihilators
  A dire elephant (D:15)
  4 white draconians
  5 entropy weavers
  5 bunyips
  A deep elf demonologist (Vaults:5)
  8 purple draconians
  6 red draconians
  7 yellow draconians
  A spark wasp (Spider:4)
  Snorg (Lair:4)
  8 eidola
  A spark wasp (shapeshifter) (Vaults:2)
  A blizzard demon (Depths:1)
  13 ettins
  5 deep elf death magi
  A crystal guardian (Vaults:4)
  4 shambling mangroves
  2 eleionomae
  7 great orbs of eyes
  8 fire dragons
  17 yaktaur captains
  A quicksilver dragon zombie (Crypt:2)
  A ragged hierophant (Desolation)
  5 death oozes (Depths:4)
  5 jiangshi (Crypt:2)
  A great orb of eyes (shapeshifter) (Vaults:3)
  18 ice dragons
  11 rakshasas
  An alligator snapping turtle (Zot:4)
  31 vault guards
  A spriggan air mage (Depths:5)
  A quicksilver dragon skeleton (Crypt:3)
  15 centaur warriors
  3 deep elf high priests
  8 boulder beetles
  An anaconda (shapeshifter) (Depths:5)
  2 ghost crabs
  A queen ant (shapeshifter) (Depths:2)
  12 hydras
  5 death knights
  9 unseen horrors
  11 alligators
  38 two-headed ogres
  8 deep troll shamans
  17 ogre magi
  10 deep troll earth magi
  4 spriggan berserkers
  An orc high priest (Orc:2)
  4 tengu warriors
  A titan zombie (Crypt:1)
  7 vampire magi
  2 wretched stars (Abyss:3)
  A hell knight (Depths:5)
  12 deep elf knights
  5 soul eaters
  16 skeletal warriors
  An iron troll (Depths:4)
  4 spriggan druids
  An unseen horror (shapeshifter) (Vaults:2)
  2 fire crabs (shapeshifter)
  A storm dragon skeleton (Crypt:1)
  4 flayed ghosts
  3 goliath frogs
  2 shadow demons (Depths:3)
  5 shadow wraiths
  3 bog bodies
  11 wizards
  3 glowing orange brains
  3 spectral hydras (Swamp:4)
  An iron giant skeleton (Crypt:2)
  30 deep trolls
  2 anaconda skeletons
  A golden dragon skeleton (Crypt:3)
  2 tengu zombies
  4 swamp dragons
  12 harpies
  12 deep elf archers
  12 phantasmal warriors
  6 ironbrand convokers
  An orb spider (shapeshifter) (Depths:3)
  A lindwurm (Lair:6)
  A mana viper (shapeshifter) (Vaults:4)
  2 wolf spider zombies
  6 necromancers
  15 orc knights
  46 ugly things
  10 orc sorcerers
  3 fire giant zombies
  51 deep elf magi
  A wolf spider (shapeshifter) (Depths:2)
  2 frost giant zombies (Crypt:3)
  4 will-o-the-wisps
  2 stone giant zombies
  39 wolf spiders
  A worldbinder (Abyss:3)
  A faun (shapeshifter) (Vaults:4)
  19 orb spiders
  3 cyclopes
  11 oklob plants
  A cyclops (shapeshifter) (Depths:4)
  17 moths of wrath
  A salamander (shapeshifter) (Depths:4)
  8 large abominations
  A salamander (D:15)
  An iron dragon skeleton (Crypt:2)
  3 manticores
  5 guardian serpents
  4 centaur zombies
  A fire giant skeleton (Crypt:3)
  3 black mambas
  7 elephants
  Maurice (D:9)
  2 ice statues (Depths:1)
  A guardian serpent (shapeshifter) (Vaults:3)
  15 vault sentinels
  An eye of devastation (shapeshifter) (Depths:2)
  A storm dragon simulacrum (Crypt:2)
  A water nymph (shapeshifter) (Depths:4)
  An apocalypse crab (Abyss:3)
  11 cane toads
  2 smoke demons (Abyss:3)
  6 torpor snails
  2 dire elephant skeletons
  6 rime drakes
  A gargoyle (D:14)
  10 komodo dragons
  12 demonic crawlers
  3 kobold demonologists (D:15)
  60 yaktaurs
  A yellow draconian skeleton (Crypt:2)
  3 ice devils (Depths:1)
  An anaconda simulacrum (Crypt:1)
  A guardian mummy (Crypt:3)
  7 freezing wraiths
  3 hellwings
  A green draconian skeleton (Crypt:3)
  4 death drake zombies
  6 tengu conjurers
  A bloated husk (Swamp:1)
  6 red devils (Depths:1)
  2 meliai (D:15)
  2 polar bears
  12 tyrant leeches
  9 trolls
  A troll (shapeshifter) (Vaults:1)
  29 jumping spiders
  A polar bear (shapeshifter) (Vaults:5)
  A tengu simulacrum (Vaults:3)
  A harpy zombie (Zot:1)
  A tyrant leech (shapeshifter) (Vaults:4)
  A hydra skeleton (Crypt:3)
  Grinder (D:6)
  7 saltlings
  30 slime creatures
  2 hydra zombies (Swamp:4)
  A fire dragon zombie (Crypt:2)
  A harpy skeleton (D:15)
  35 hornets
  A jumping spider zombie (Crypt:2)
  A slime creature (shapeshifter) (Vaults:5)
  13 raiju
  15 blink frogs
  An ettin zombie (Vaults:2)
  A meliai zombie (D:12)
  A snapping turtle (shapeshifter) (Vaults:2)
  3 air elementals
  4 starcursed masses (Abyss:3)
  4 spriggans (shapeshifter)
  4 wraiths
  6 flying skulls
  6 shadows
  A redback (shapeshifter) (Vaults:5)
  96 redbacks
  10 spriggans
  3 wyverns
  An ettin skeleton (Crypt:2)
  A dire elephant simulacrum (Crypt:2)
  3 vampires (Vaults:3)
  A tarantella (shapeshifter) (Abyss:3)
  43 tarantellas
  2 water elementals (D:15)
  A wyvern (shapeshifter) (D:15)
  16 humans (D:13)
  5 fire bats
  A fire elemental (Elf:2)
  37 yaks
  2 golden eyes (shapeshifter)
  4 golden eyes (D:12)
  2 hogs (Lair:6)
  4 basilisks
  2 vampire mosquitoes (D:15)
  4 chaos spawn (Depths:5)
  10 swamp worms
  A soldier ant (shapeshifter) (Vaults:3)
  A two-headed ogre zombie (D:10)
  8 wargs
  8 acid dragons
  A soldier ant (D:15)
  14 water moccasins
  3 hydra simulacra (Swamp:4)
  A floating eye (shapeshifter) (Vaults:2)
  4 hell hounds
  3 ice beasts (shapeshifter)
  An infernal demonspawn skeleton (Crypt:1)
  13 swamp drakes
  A hornet zombie (D:8)
  40 orc warriors
  A sky beast (D:5)
  An ettin simulacrum (Crypt:1)
  2 black bears (D:10)
  A human zombie (Vaults:2)
  5 necrophages
  30 ogres
  7 ice beasts
  A manticore zombie (Crypt:2)
  4 swamp dragon zombies (Swamp:4)
  A snapping turtle zombie (Crypt:2)
  6 wolves
  3 phantoms
  A snapping turtle skeleton (Crypt:2)
  13 boggarts
  26 centaurs
  A swamp dragon skeleton (Swamp:4)
  5 big kobolds
  A fire crab zombie (Crypt:3)
  A rime drake skeleton (Crypt:1)
  13 bullfrogs
  3 earth elementals (Elf:1)
  A water moccasin zombie (D:5)
  2 wyvern skeletons
  An ogre simulacrum (Vaults:1)
  A warg zombie (Crypt:2)
  5 scorpions
  3 troll zombies (D:10)
  A cyclops skeleton (Crypt:2)
  12 killer bees
  A spriggan skeleton (Crypt:3)
  A snapping turtle simulacrum (Crypt:3)
  12 wights
  9 small abominations
  A wolf zombie (Crypt:3)
  2 electric eels
  6 crimson imps
  3 howler monkeys
  8 jellies
  A human simulacrum (Vaults:2)
  A quasit (D:14)
  A centaur skeleton (D:10)
  A yaktaur simulacrum (Vaults:1)
  3 bullfrog skeletons
  4 bullfrog zombies
  7 hounds
  A black bear zombie (Crypt:2)
  21 orc priests
  A demonspawn zombie (Crypt:1)
  9 iguanas
  A demonspawn skeleton (Crypt:3)
  24 orc wizards
  9 worker ants
  3 hell rats
  4 ogre zombies (D:10)
  A naga zombie (Crypt:3)
  A hound zombie (D:6)
  12 mummies (Crypt:3)
  2 howler monkey zombies
  Robin (D:2)
  6 river rats
  15 adders
  4 gnolls (D:6)
  A shadow imp (D:10)
  9 white imps
  6 ufetubi
  4 oozes
  2 adder zombies
  A lava snake zombie (Crypt:1)
  3 worms
  2 dart slugs
  10 leopard geckos
  96 orcs
  8 bats
  A bat (shapeshifter) (Vaults:2)
  A bat skeleton (Crypt:3)
  6 giant cockroaches
  18 goblins
  11 hobgoblins
  8 jackals
  5 quokkas
  7 ball pythons (D:10)
  A ball python skeleton (Crypt:1)
  7 frilled lizards
  A goblin skeleton (D:10)
  5 goblin zombies (D:10)
  2 hobgoblin skeletons (D:10)
  4 hobgoblin zombies (D:10)
  A jackal zombie (Crypt:3)
  29 kobolds
  3 leopard gecko zombies
  An orc skeleton (D:10)
  12 orc zombies (D:10)
  7 rats
  A river rat skeleton (Crypt:1)
  2 bushes (Zot:2)
2367 creatures vanquished.

Vanquished Creatures (collateral kills)
  An electric golem (Zot:5)
  3 Orb Guardians (Zot:5)
  A death cob (Zot:5)
  An emperor scorpion (Spider:1)
  A black draconian (Zot:5)
  A dire elephant (Zot:5)
  5 ugly things
  3 oklob plants (Zot:2)
  A kobold demonologist (D:15)
  A meliai (D:15)
  A basilisk (D:15)
19 creatures vanquished.

Vanquished Creatures (others)
  An ancient lich (Zot:5)
  An orb of fire (Zot:5)
  2 tentacled monstrosities (Zot:5)
  10 Orb Guardians (Zot:5)
  2 death cobs (Zot:5)
  A storm dragon (Zot:5)
  A shadow dragon (Zot:5)
  A draconian monk (Zot:5)
  A draconian knight (Zot:4)
  A draconian scorcher (Zot:5)
  A ghost moth (Zot:5)
  An orc warlord (Orc:2)
  2 draconian shifters (Zot:5)
  A vampire knight (Depths:3)
  A green draconian (Zot:5)
  A yellow draconian (Zot:1)
  2 purple draconians (Zot:5)
  A white draconian (Zot:5)
  3 red draconians (Zot:5)
  A merfolk impaler (Depths:4)
  16 dancing weapons
  A deep elf knight (Elf:2)
  An unseen horror (Depths:5)
  2 wolf spiders (Spider:1)
  2 deep elf magi
  2 ugly things (D:14)
  3 bloated husks
  A saltling (Desolation)
  A water elemental (Depths:4)
  A small abomination (D:2)
  An orc wizard (Orc:1)
  5 bushes (D:11)
  24 foxfires
  32 fungi
  A lurking horror (Abyss:3)
  133 plants
  9 starspawn tentacles (Abyss:3)
270 creatures vanquished.

Grand Total: 2656 creatures vanquished

Notes
Turn   | Place    | Note
-------+----------+-------------------------------------------
     0 | D:1      | tamionv the Merfolk Fighter began the quest for the Orb.
     0 | D:1      | Reached XP level 1. HP: 18/18 MP: 1/1
   160 | D:1      | Reached skill level 4 in Polearms
   160 | D:1      | Reached XP level 2. HP: 19/24 MP: 2/2
   587 | D:1      | Reached skill level 5 in Polearms
   587 | D:1      | Reached XP level 3. HP: 29/29 MP: 3/3
  1121 | D:2      | Noticed Robin
  1169 | D:2      | Reached skill level 6 in Polearms
  1179 | D:2      | Reached XP level 4. HP: 35/35 MP: 4/4
  1204 | D:2      | Killed Robin
  1991 | D:3      | Reached skill level 7 in Polearms
  2425 | D:3      | Reached XP level 5. HP: 38/41 MP: 5/5
  2502 | D:3      | Found a snail-covered altar of Cheibriados.
  2944 | D:3      | Reached skill level 8 in Polearms
  3302 | D:4      | Found Utzethaumi's Gadget Boutique.
  3378 | D:4      | Bought a wand of iceblast (9) for 130 gold pieces
  3392 | D:4      | Found a staircase to the Ecumenical Temple.
  3401 | Temple   | Entered the Ecumenical Temple
  3578 | D:4      | Found Orphav's Distillery.
  3612 | D:5      | Entered Level 5 of the Dungeon
  3614 | D:5      | Reached XP level 6. HP: 25/47 MP: 6/6
  3639 | D:5      | Reached skill level 9 in Polearms
  4537 | D:4      | Reached skill level 10 in Polearms
  4761 | D:4      | Found Syr Osic's Antique Weapon Boutique.
  4768 | D:4      | Found Zockoyr's Distillery.
  4813 | D:4      | Reached XP level 7. HP: 52/52 MP: 7/7
  5253 | D:5      | Reached skill level 11 in Polearms
  6047 | Temple   | Became a worshipper of Gozag Ym Sagoz the Greedy
  6695 | D:6      | Reached skill level 12 in Polearms
  7005 | D:6      | Reached XP level 8. HP: 21/58 MP: 8/8
  7021 | D:6      | Noticed Grinder
  7494 | D:6      | Reached skill level 13 in Polearms
  8571 | D:6      | Killed Grinder
  8572 | D:6      | Reached skill level 14 in Polearms
  8633 | D:6      | Reached skill level 1 in Dodging
  8633 | D:6      | Reached skill level 1 in Stealth
  9704 | D:7      | Reached skill level 1 in Evocations
  9796 | D:7      | Reached XP level 9. HP: 60/65 MP: 9/9
 11070 | D:8      | Noticed a boulder beetle
 11424 | D:7      | Found a runed translucent door.
 11425 | D:7      | Noticed Crazy Yiuf
 12357 | D:8      | Found a transporter.
 12414 | D:8      | Noticed Almogavar's ghost (novice HOFi)
 12473 | D:8      | Found a transporter.
 12550 | D:8      | Reached skill level 15 in Polearms
 12613 | D:8      | Found Gaehukk's Jewellery Emporium.
 12621 | D:8      | Bought a +4 ring of evasion for 504 gold pieces
 13315 | D:9      | Noticed a hornet
 13327 | D:9      | Paralysed by a hornet for 3 turns
 13334 | D:9      | Killed a hornet
 13335 | D:9      | Reached XP level 10. HP: 49/73 MP: 10/10
 13384 | D:9      | Noticed Maurice
 13434 | D:9      | Paralysed by Maurice for 2 turns
 13488 | D:9      | Killed Maurice
 13556 | D:9      | Found Ibutueh's Distillery.
 13564 | D:9      | Bought a potion of berserk rage for 75 gold pieces
 13564 | D:9      | Bought a potion of curing for 45 gold pieces
 13564 | D:9      | Bought a potion of heal wounds for 75 gold pieces
 13569 | D:9      | Found Ebly's Gadget Emporium.
 13579 | D:9      | Found Zuw Hunk's Book Shoppe.
 13592 | D:9      | Reached skill level 5 in Fighting
 14167 | D:10     | Entered Level 10 of the Dungeon
 14419 | D:10     | Found a blossoming altar of Fedhas.
 14642 | D:10     | Found a staircase to the Lair.
 14899 | D:10     | Reached skill level 5 in Dodging
 14899 | D:10     | Reached skill level 5 in Shields
 15097 | D:10     | Identified the Papyrus of Mutagenic Contamination
 15287 | D:10     | Found a staircase to the Orcish Mines.
 15816 | Lair:1   | Entered Level 1 of the Lair of Beasts
 15885 | Lair:1   | Reached skill level 5 in Stealth
 15915 | Lair:1   | Noticed a cane toad
 15958 | Lair:1   | Killed a cane toad
 15959 | Lair:1   | Reached skill level 16 in Polearms
 16193 | Lair:1   | Noticed a cane toad
 16213 | Lair:1   | Killed a cane toad
 16297 | Lair:1   | Noticed a cane toad
 16340 | Lair:1   | Killed a cane toad
 16341 | Lair:1   | Reached XP level 11. HP: 77/81 MP: 11/11
 16791 | Lair:2   | Noticed an eight-headed hydra
 16802 | Lair:2   | Killed an eight-headed hydra
 17054 | Lair:2   | Paralysed by a hornet for 3 turns
 17061 | Lair:2   | Paralysed by a hornet for 1 turns
 17192 | Lair:2   | Noticed an oklob plant
 17210 | Lair:2   | Found a hole to the Spider Nest.
 17701 | Lair:2   | Noticed an oklob plant
 17893 | Lair:3   | You fall into a shaft and drop 2 floors!
 17893 | Lair:5   | Noticed Snorg
 17893 | Lair:5   | Noticed an eight-headed hydra
 18059 | Lair:5   | Reached skill level 5 in Evocations
 18330 | Lair:3   | Reached skill level 17 in Polearms
 18624 | Lair:3   | Noticed a boulder beetle
 18967 | Lair:3   | Reached XP level 12. HP: 89/89 MP: 12/12
 19369 | Lair:3   | Killed a boulder beetle
 19370 | Lair:3   | Reached skill level 5 in Armour
 21344 | Lair:5   | Found a staircase to the Slime Pits.
 21347 | Lair:5   | Found a viscous altar of Jiyva.
 21441 | Lair:4   | Killed Snorg
 21442 | Lair:4   | Reached skill level 18 in Polearms
 21815 | Lair:5   | Found a runed translucent gate.
 21815 | Lair:5   | Found a runed translucent gate.
 21815 | Lair:5   | Found a runed translucent gate.
 21816 | Lair:5   | Noticed Almogavar's ghost (journeyman MiBe)
 21817 | Lair:5   | Noticed drjones's ghost (journeyman DsGl)
 22019 | Lair:5   | Killed an eight-headed hydra
 22108 | Lair:5   | Noticed an eight-headed hydra
 22126 | Lair:5   | Killed an eight-headed hydra
 22469 | Lair:6   | Entered Level 6 of the Lair of Beasts
 22560 | Lair:6   | Noticed a seven-headed hydra
 22560 | Lair:6   | Noticed a boulder beetle
 22619 | Lair:6   | Found a transporter.
 22772 | D:11     | Found a transporter.
 22838 | D:10     | Reached XP level 13. HP: 96/98 MP: 13/13
 23365 | D:11     | Found a transporter.
 23528 | D:11     | Found a blossoming altar of Fedhas.
 23967 | D:11     | Noticed Sonja
 23968 | D:11     | Noticed Amplified's ghost (journeyman BaIE)
 25750 | D:13     | Noticed Nessos
 25750 | D:13     | Found a gate to the Vaults.
 25751 | D:13     | Noticed Rupert
 25801 | D:13     | Killed Rupert
 25802 | D:13     | Reached skill level 19 in Polearms
 25970 | D:13     | Reached skill level 10 in Dodging
 26055 | D:13     | Killed Nessos
 26259 | D:13     | Found an ancient bone altar of Kikubaaqudgha.
 26484 | D:13     | Reached XP level 14. HP: 87/108 MP: 14/14
 28232 | D:15     | Entered Level 15 of the Dungeon
 28610 | Lair:6   | Identified the +5 trident "Soiceila" {distort, rC+ Str+7
                  | Int+2}
 28621 | Lair:6   | Noticed Zich's ghost (journeyman DEVM)
 29098 | Lair:6   | Found a runed translucent door.
 29502 | Lair:6   | Reached skill level 20 in Polearms
 30081 | Lair:6   | Noticed Kirke
 30091 | Lair:6   | Reached skill level 10 in Stealth
 30136 | Lair:6   | Killed Kirke
 30440 | Lair:6   | Found a transporter.
 31213 | Lair:6   | Reached skill level 10 in Fighting
 31603 | Orc:1    | Entered Level 1 of the Orcish Mines
 31668 | D:10     | Reached XP level 15. HP: 78/115 MP: 15/15
 32424 | Orc:2    | Entered Level 2 of the Orcish Mines
 32424 | Orc:2    | Found a staircase to the Elven Halls.
 33625 | Orc:1    | Noticed Jorgrun
 33691 | Orc:1    | Killed Jorgrun
 33989 | Orc:2    | Noticed an orc warlord
 34210 | Orc:2    | Killed an orc warlord
 34478 | Orc:2    | Found a roughly hewn altar of Beogh.
 34481 | Orc:2    | Found Qopoab's Antique Weapon Shoppe.
 34593 | Orc:2    | Found Ariyx's Jewellery Shoppe.
 34817 | Orc:2    | Found Tiusol's Antique Armour Shoppe.
 34841 | Orc:2    | Found Zaseef's General Store.
 34848 | Orc:2    | Bought a scroll of teleportation for 42 gold pieces
 35585 | D:15     | Reached skill level 21 in Polearms
 36889 | D:15     | Found a staircase to the Depths.
 37286 | D:8      | Reached skill level 10 in Shields
 37518 | Lair:4   | Found a staircase to the Swamp.
 37554 | Swamp:1  | Entered Level 1 of the Swamp
 37820 | Lair:4   | Bought a potion of heal wounds for 175 gold pieces
 37824 | Lair:4   | Bought a pair of ichor-stained gloves for 351 gold pieces
 37824 | Lair:4   | Bought a pair of masterwork boots for 351 gold pieces
 37834 | Lair:4   | Identified the +0 pair of gloves "Nogiw" {rF- rC+ rN++}
                  | (You bought it in a shop on level 4 of the Lair of Beasts)
 37840 | Lair:4   | Identified the +2 pair of boots of Insecurity {rF+ rC+}
                  | (You bought it in a shop on level 4 of the Lair of Beasts)
 37945 | Lair:4   | Bought a distressingly furry crystal plate armour for 2975
                  | gold pieces
 37955 | Lair:4   | Identified the +15 crystal plate armour of Caolafo {Dex+4}
                  | (You bought it in a shop on level 4 of the Lair of Beasts)
 38568 | Lair:4   | Reached XP level 16. HP: 87/124 MP: 16/16
 39254 | Swamp:1  | Got a wavering steel ring
 39260 | Swamp:1  | Identified the ring "Mutoemay" {+Fly Str+10 Stlth-} (You
                  | found it on level 1 of the Swamp)
 40321 | Swamp:3  | Got an ancient bronze ring
 40740 | Swamp:4  | Entered Level 4 of the Swamp
 41124 | Swamp:4  | Noticed a fenstrider witch
 41132 | Swamp:4  | Paralysed by a fenstrider witch for 2 turns
 41291 | Swamp:3  | Killed a fenstrider witch
 41831 | Swamp:4  | Paralysed by something for 6 turns
 42064 | Spider:1 | Entered Level 1 of the Spider Nest
 43193 | Spider:1 | Reached skill level 10 in Evocations
 44096 | Spider:1 | Reached XP level 17. HP: 90/131 MP: 17/17
 44601 | Spider:2 | Noticed Arachne
 44656 | Spider:1 | Killed Arachne
 45254 | Spider:1 | Identified the cursed ring of Jealousy {Will+ AC-4 Int+4}
                  | (You found it on level 3 of the Swamp)
 46389 | Spider:3 | Found a transporter.
 46942 | Spider:3 | Found a transporter.
 46944 | Spider:3 | Noticed Iberphipp's ghost (adept DgFi)
 46956 | Spider:3 | Noticed Usomaex's ghost (journeyman GrMo)
 47232 | Spider:3 | Noticed Mara
 47250 | Spider:3 | Noticed tamionv's illusion
 47287 | Spider:3 | Identified Roxanne's Tome of Changing
 47287 | Spider:3 | Noticed Roxanne
 47578 | Spider:2 | Noticed tamionv's illusion
 47665 | Spider:2 | Noticed tamionv's illusion
 47884 | Spider:4 | Entered Level 4 of the Spider Nest
 48512 | Spider:4 | Noticed Aizul
 48550 | Spider:4 | Killed Aizul
 48680 | Spider:4 | Noticed Donald
 48711 | Spider:4 | Killed Donald
 49831 | Spider:4 | Reached XP level 18. HP: 139/139 MP: 18/18
 50422 | Spider:4 | Got a gossamer rune of Zot
 50440 | Spider:4 | Reached skill level 15 in Shields
 50777 | Spider:2 | Noticed tamionv's illusion
 50947 | Spider:2 | Killed Mara
 50948 | Spider:2 | Reached skill level 22 in Polearms
 52309 | Swamp:4  | Found a blossoming altar of Fedhas.
 52644 | Swamp:4  | Found a basalt altar of Yredelemnul.
 52660 | Swamp:4  | Got a decaying rune of Zot
 52969 | Vaults:1 | Entered Level 1 of the Vaults
 53036 | Vaults:1 | Reached skill level 15 in Dodging
 53192 | Orc:2    | Bought a shiny kite shield for 262 gold pieces
 53473 | Vaults:1 | Reached XP level 19. HP: 147/147 MP: 19/19
 53667 | Vaults:1 | Found Axtieky's Magic Scroll Shop.
 53679 | Vaults:1 | Bought a scroll of teleportation for 39 gold pieces
 53679 | Vaults:1 | Bought a scroll of enchant armour for 97 gold pieces
 54780 | Vaults:1 | Reached skill level 10 in Armour
 56541 | Vaults:2 | Found Huroang's Distillery.
 56548 | Vaults:2 | Bought a potion of berserk rage for 70 gold pieces
 56548 | Vaults:2 | Bought a potion of curing for 42 gold pieces
 56548 | Vaults:2 | Bought a potion of curing for 42 gold pieces
 56548 | Vaults:2 | Bought a potion of heal wounds for 70 gold pieces
 56548 | Vaults:2 | Bought a potion of might for 56 gold pieces
 56548 | Vaults:2 | Bought a potion of curing for 42 gold pieces
 56548 | Vaults:2 | Bought a potion of might for 56 gold pieces
 57608 | Vaults:2 | Noticed Frederick
 57624 | Vaults:2 | Killed Frederick
 57633 | Vaults:2 | Reached skill level 23 in Polearms
 57662 | Vaults:2 | Reached XP level 20. HP: 82/156 MP: 20/20
 59480 | Vaults:3 | Found a staircase to the Crypt.
 61185 | Vaults:4 | Found Souhypad's Armour Emporium.
 61200 | Vaults:4 | Reached XP level 21. HP: 162/165 MP: 21/21
 61766 | Vaults:4 | Noticed Sojobo
 62192 | Vaults:4 | Killed Sojobo
 62392 | Vaults:5 | Entered Level 5 of the Vaults
 62764 | Elf:1    | Entered Level 1 of the Elven Halls
 62958 | Elf:1    | Found Antil's Jewellery Shoppe.
 62984 | Elf:1    | Found Wiuk's Distillery.
 62991 | Elf:1    | Bought a potion of curing for 42 gold pieces
 62991 | Elf:1    | Bought a potion of lignification for 42 gold pieces
 63012 | Elf:1    | Found Bic Nobi's General Store.
 63017 | Elf:1    | Bought a scroll of enchant weapon for 112 gold pieces
 63114 | Elf:1    | Found Niavvoru's Gadget Shoppe.
 63121 | Elf:1    | Bought a wand of acid (7) for 352 gold pieces
 63121 | Elf:1    | Bought a wand of iceblast (10) for 224 gold pieces
 63121 | Elf:1    | Bought a wand of iceblast (8) for 192 gold pieces
 63121 | Elf:1    | Bought a wand of iceblast (7) for 176 gold pieces
 63121 | Elf:1    | Bought a wand of digging (7) for 352 gold pieces
 63162 | Elf:1    | Found a ruined gateway.
 63170 | Desolati | Entered the Desolation of Salt
 63610 | Elf:1    | Identified the Compendium of Lethal Displacement
 64541 | Elf:2    | Found Zuaph's Gadget Shoppe.
 64563 | Elf:2    | Reached skill level 24 in Polearms
 64699 | Elf:2    | Bought a box of beasts for 560 gold pieces
 64733 | Elf:2    | Found a portal to a secret trove of treasure.
 65230 | Elf:2    | Found a huge runed translucent gate.
 65230 | Elf:2    | Found a huge runed translucent gate.
 65231 | Elf:2    | Found a huge runed translucent gate.
 65717 | Elf:2    | Found a huge runed translucent gate.
 65717 | Elf:2    | Found a huge runed translucent gate.
 66653 | Depths:1 | Entered Level 1 of the Depths
 66910 | Depths:1 | Reached skill level 15 in Fighting
 67166 | Depths:1 | Reached XP level 22. HP: 167/175 MP: 22/22
 67663 | Depths:1 | Found a gateway to Hell.
 67887 | Depths:1 | Noticed a juggernaut
 67887 | Depths:1 | Noticed Ziwnem's ghost (adept DgCj)
 67893 | Depths:1 | Identified the cursed +1 rapier of Viops {flame, +Rage}
 67898 | Depths:1 | Identified the ring of Pogeisir {Will+ Dex+6}
 67908 | Depths:1 | Identified the cursed +3 rapier "Ruruihacwa" {antimagic,
                  | rC- Dex+2 SInv}
 67916 | Depths:1 | Found a transporter.
 67921 | Depths:1 | Found a transporter.
 67926 | Depths:1 | Noticed a juggernaut
 68388 | Depths:1 | Identified Neoshrau's Collected Works on Feathery Summoning
 68666 | Depths:2 | Noticed Asterion
 68854 | Depths:2 | Killed Asterion
 70890 | Depths:2 | Noticed Bai Suzhen
 70911 | Depths:2 | Killed Bai Suzhen
 71188 | Depths:3 | Found a flickering gateway to a bazaar.
 71198 | Bazaar   | Entered a bazaar
 71202 | Bazaar   | Found Xuger's Jewellery Boutique.
 71224 | Bazaar   | Found Veschos's Antique Armour Emporium.
 71229 | Bazaar   | Bought a glowing scarf for 192 gold pieces
 71245 | Bazaar   | Found Gugi's Book Boutique.
 71265 | Bazaar   | Found Fathrent's Antique Weapon Shoppe.
 71313 | Bazaar   | Bought the cursed ring of Xom's Amusement {rElec rF+ Str+2
                  | Int-4} for 130 gold pieces
 71444 | Depths:3 | Reached XP level 23. HP: 183/183 MP: 23/23
 71467 | Depths:3 | Found a one-way gate leading to the halls of Pandemonium.
 71706 | Depths:3 | Reached skill level 25 in Polearms
 71834 | Depths:3 | Found a shadowy altar of Dithmenos.
 72954 | Vaults:5 | Noticed a golden dragon
 73055 | Vaults:4 | Killed a golden dragon
 73271 | Vaults:4 | Bought the amulet "Ynophoeroud" {RegenMP rPois rF+ Will-
                  | Int+2 Slay+2} for 1018 gold pieces
 73866 | Lair:4   | Bought a scroll of enchant weapon for 262 gold pieces
 74218 | Vaults:5 | Paralysed by a floating eye for 3 turns
 75037 | Vaults:4 | Reached skill level 15 in Evocations
 75259 | Vaults:4 | Reached XP level 24. HP: 176/193 MP: 23/23
 75356 | Vaults:5 | Noticed an ancient lich
 75380 | Vaults:4 | Killed an ancient lich
 76698 | Vaults:5 | Identified the cursed +2 mace "Luzip" {vamp, Str+6}
 76976 | Vaults:5 | Got a silver rune of Zot
 77068 | Vaults:5 | Identified the Volume of Monotheism
 77071 | Vaults:5 | Identified the +6 plate armour of Haunted the Leaf {rC+
                  | Stlth+} (You found it on level 5 of the Vaults)
 77121 | Vaults:5 | Identified the ring "Peonn" {Int+6 Dex+4} (You found it on
                  | level 5 of the Vaults)
 77918 | Vaults:5 | Found the +8 orange crystal plate armour {Archmagi, Int+3
                  | Clar}
 79122 | Depths:3 | Found a one-way gate to the infinite horrors of the Abyss.
 79300 | Depths:4 | Found Wuidono's Armour Shop.
 79518 | Depths:4 | Reached skill level 26 in Polearms
 79629 | Depths:4 | Found a viscous altar of Jiyva.
 79662 | Depths:4 | Found Jentucoci's Antique Armour Boutique.
 79670 | Depths:4 | Bought a glowing scarf for 376 gold pieces
 79716 | Depths:4 | Paralysed by an orc sorcerer for 3 turns
 80668 | Depths:4 | Paralysed by a wizard for 2 turns
 80860 | Depths:4 | Found a gateway to a ziggurat.
 81073 | Depths:5 | Entered Level 5 of the Depths
 81080 | Depths:5 | Reached XP level 25. HP: 198/202 MP: 23/23
 81083 | Depths:5 | Cast into level 3 of the Abyss (a lich)
 81393 | Abyss:3  | Found a viscous altar of Jiyva.
 81698 | Depths:5 | Escaped the Abyss
 81771 | Depths:5 | Cast into level 4 of the Abyss (a lich)
 81771 | Abyss:4  | Found a corrupted altar of Lugonu.
 81787 | Depths:5 | Escaped the Abyss
 82514 | Depths:4 | Found Wuidono's Armour Shop.
 82691 | Depths:4 | Found a viscous altar of Jiyva.
 82788 | Depths:4 | Found a gateway to a ziggurat.
 83167 | Depths:4 | Found Jentucoci's Antique Armour Boutique.
 83877 | Depths:5 | Paralysed by a great orb of eyes for 6 turns
 83900 | Depths:4 | Bought a +0 cloak of poison resistance for 212 gold pieces
 84270 | Depths:5 | Identified the cursed +0 cloak of the Wasteland {Str+5
                  | Dex-3} (You found it on level 5 of the Depths)
 84462 | Depths:5 | Identified the ring "Yrchipaq" {*Drain rC- rN+ Str+8 SInv}
 85070 | Depths:5 | Noticed a juggernaut
 85562 | Depths:5 | Found a gate to the Realm of Zot.
 85815 | Zot:1    | Entered Level 1 of the Realm of Zot
 86869 | Crypt:1  | Entered Level 1 of the Crypt
 86961 | Crypt:1  | Reached XP level 26. HP: 211/211 MP: 23/23
 87166 | Crypt:1  | Found a transporter.
 87176 | Crypt:1  | Found a transporter.
 88938 | Crypt:2  | Reached skill level 27 in Polearms
 89293 | Crypt:3  | Entered Level 3 of the Crypt
 90792 | Crypt:3  | Found the +8 whip "Snakebite" {curare, rPois}
 90955 | Crypt:3  | Found a staircase to the Tomb.
 91152 | Crypt:3  | Identified the Guide on Dark Poison
 92044 | Zot:1    | Identified the +0 robe "Zoihul" {rN++ Dex+4 Stlth+}
 94001 | Zot:2    | Reached XP level 27. HP: 170/221 MP: 23/23
 94514 | Zot:2    | You fall into a shaft and drop 2 floors!
 95331 | Zot:5    | Entered Level 5 of the Realm of Zot
 96457 | Zot:3    | Noticed an orb of fire
 96660 | Zot:3    | Gained mutation: Potions are less effective at restoring
                  | your health. [an orb of fire]
 96667 | Zot:4    | Gained mutation: Armour fits poorly on your strangely
                  | shaped body. [an orb of fire]
 96675 | Zot:4    | Gained mutation: Your magical capacity is low. (-10% MP)
                  | [an orb of fire]
 96687 | Zot:4    | Gained mutation: You are dopey. (Int -2) [an orb of fire]
 96690 | Zot:4    | Killed an orb of fire
 96948 | Zot:4    | Lost mutation: Your magical capacity is low. (-10% MP)
                  | [potion of mutation]
 96948 | Zot:4    | Lost mutation: You are dopey. (Int -2) [potion of mutation]
 96948 | Zot:4    | Lost mutation: Armour fits poorly on your strangely shaped
                  | body. [potion of mutation]
 96948 | Zot:4    | Gained mutation: You have a pair of small horns on your
                  | head. [potion of mutation]
 96948 | Zot:4    | Gained mutation: You can translocate small distances at
                  | will. [potion of mutation]
 96949 | Zot:4    | Lost mutation: You have a pair of small horns on your head.
                  | [potion of mutation]
 96949 | Zot:4    | Lost mutation: You can translocate small distances at will.
                  | [potion of mutation]
 96949 | Zot:4    | Gained mutation: Your natural rate of healing is unusually
                  | fast. [potion of mutation]
 96949 | Zot:4    | Gained mutation: Your mind is acute. (Int +2) [potion of
                  | mutation]
 96949 | Zot:4    | Gained mutation: You are clumsy. (Dex -2) [potion of
                  | mutation]
 96949 | Zot:4    | Gained mutation: You are partially covered in yellow
                  | scales. (AC +2) [potion of mutation]
 96950 | Zot:4    | Lost mutation: Potions are less effective at restoring your
                  | health. [potion of mutation]
 96950 | Zot:4    | Lost mutation: You are clumsy. (Dex -2) [potion of
                  | mutation]
 96950 | Zot:4    | Lost mutation: Your mind is acute. (Int +2) [potion of
                  | mutation]
 96950 | Zot:4    | Gained mutation: You passively map a small area around you.
                  | [potion of mutation]
 96950 | Zot:4    | Gained mutation: You evolve. [potion of mutation]
 97253 | Zot:3    | Reached skill level 15 in Armour
 97262 | Zot:3    | Noticed an ancient lich
 97265 | Zot:3    | Found a transporter.
 98111 | Zot:3    | Found a transporter.
 98161 | Zot:3    | Identified the amulet "Iruetwit" {Faith rPois Will+}
 99571 | Zot:5    | Noticed an orb of fire
 99572 | Zot:5    | Noticed an orb of fire
 99572 | Zot:5    | Noticed an orb of fire
 99575 | Zot:5    | Gained mutation: You are frail. (-10% HP) [an orb of fire]
 99602 | Zot:5    | Noticed an ancient lich
 99615 | Zot:5    | Killed an ancient lich
 99621 | Zot:5    | Gained mutation: Potions are less effective at restoring
                  | your health. [an orb of fire]
 99622 | Zot:5    | Lost mutation: You are frail. (-10% HP) [an orb of fire]
 99628 | Zot:5    | Noticed an orb of fire
 99638 | Zot:5    | Gained mutation: Armour fits poorly on your strangely
                  | shaped body. [an orb of fire]
 99653 | Zot:5    | Gained mutation: You are clumsy. (Dex -2) [an orb of fire]
 99869 | Zot:5    | Lost mutation: You passively map a small area around you.
                  | [potion of mutation]
 99869 | Zot:5    | Lost mutation: You are clumsy. (Dex -2) [potion of
                  | mutation]
 99869 | Zot:5    | Gained mutation: You are partially covered in large bone
                  | plates. (SH +4) [potion of mutation]
 99869 | Zot:5    | Gained mutation: Your movements are slightly less
                  | encumbered by armour. (ER -2) [potion of mutation]
 99869 | Zot:5    | Gained mutation: Your mind is acute. (Int +2) [potion of
                  | mutation]
100500 | Orc:2    | Bought a scroll of teleportation for 123 gold pieces
100640 | D:4      | Bought a potion of heal wounds for 50 gold pieces
100640 | D:4      | Bought a potion of haste for 100 gold pieces
100661 | D:4      | Bought a potion of heal wounds for 65 gold pieces
100661 | D:4      | Bought a potion of lignification for 39 gold pieces
100661 | D:4      | Bought a potion of curing for 39 gold pieces
101282 | Zot:5    | Lost mutation: Your natural rate of healing is unusually
                  | fast. [an orb of fire]
101289 | Zot:5    | Gained mutation: You tend to lose your temper in combat.
                  | [an orb of fire]
101293 | Zot:5    | Gained mutation: You often lose your temper in combat. [an
                  | orb of fire]
101296 | Zot:5    | Lost mutation: Your movements are slightly less encumbered
                  | by armour. (ER -2) [an orb of fire]
101304 | Zot:5    | Gained mutation: Potions are poor at restoring your health.
                  | [an orb of fire]
101562 | Zot:4    | Gained mutation: You are frail. (-10% HP) [an orb of fire]
101574 | Zot:4    | Killed an orb of fire
101917 | Zot:5    | Gained mutation: You do not regenerate when monsters are
                  | visible. [an orb of fire]
101925 | Zot:4    | Gained mutation: Scrolls take you a little longer to read.
                  | [an orb of fire]
101931 | Zot:4    | Gained mutation: You have an uncontrollable temper. [an orb
                  | of fire]
101949 | Zot:4    | Killed an orb of fire
102664 | D:9      | Bought a potion of mutation for 120 gold pieces
102666 | D:9      | Lost mutation: You have an uncontrollable temper. [potion
                  | of mutation]
102666 | D:9      | Lost mutation: You often lose your temper in combat.
                  | [potion of mutation]
102666 | D:9      | Lost mutation: You are frail. (-10% HP) [potion of
                  | mutation]
102666 | D:9      | Lost mutation: You do not regenerate when monsters are
                  | visible. [potion of mutation]
102666 | D:9      | Gained mutation: Your magical capacity is low. (-10% MP)
                  | [potion of mutation]
102666 | D:9      | Gained mutation: You are agile. (Dex +2) [potion of
                  | mutation]
102749 | Elf:1    | Bought a potion of mutation for 112 gold pieces
102749 | Elf:1    | Lost mutation: Scrolls take you a little longer to read.
                  | [potion of mutation]
102749 | Elf:1    | Lost mutation: Your mind is acute. (Int +2) [potion of
                  | mutation]
102749 | Elf:1    | Lost mutation: You tend to lose your temper in combat.
                  | [potion of mutation]
102749 | Elf:1    | Gained mutation: Your natural rate of healing is unusually
                  | fast. [potion of mutation]
102749 | Elf:1    | Gained mutation: You are occasionally teleported next to
                  | monsters. [potion of mutation]
102749 | Elf:1    | Gained mutation: Your muscles are strong. (Str +2) [potion
                  | of mutation]
102879 | D:4      | Bought a potion of mutation for 80 gold pieces
102879 | D:4      | Lost mutation: Armour fits poorly on your strangely shaped
                  | body. [potion of mutation]
102879 | D:4      | Gained mutation: You are frail. (-10% HP) [potion of
                  | mutation]
103336 | Zot:5    | Got the Orb of Zot
103354 | Zot:5    | Noticed Qiujal the pandemonium lord
103477 | Zot:1    | Noticed Pejil the pandemonium lord
103506 | Depths:4 | Noticed Wezef the pandemonium lord
103986 | D:2      | Noticed Gadua the pandemonium lord
104041 | D:$      | Escaped with the Orb!

Illustrated notes

Levels and vault maps discovered:
D:1:      minmay_arrival_stair_chambers, layout_basic, st_stairs_7
D:2:      layout_basic, guppyfry_early_lair_pool, uniq_robin
D:3:      layout_loops_ring, cheibriados_altar_1, kennysheep_pointless_box
D:4:      layout_cave_pods, minmay_temple_entry_butterflies, serial_shops,
          nicolae_shop_statue_plus, shop_statue, nicolae_shop_statue_plus, shop
D:5:      layout_basic
D:6:      layout_basic, serial_glass, glass_columns_a, glass_columns_a,
          glass_columns_a, glass_columns_a, glass_columns_a, glass_columns_b,
          uniq_grinder
D:7:      layout_basic, uniq_crazy_yiuf_cottage
D:8:      layout_loops_ring, gammafunk_ghost_stat_death, serial_shops, shop,
          blue_anna_alchemist [blue_anna_fruit_fields, blue_anna_fruit_fields]
D:9:      layout_long_grid, serial_shops, nicolae_shop_behind_doors, shop, shop,
          uniq_maurice
D:10:     layout_stronghold, david_lair_shrubbed, zombieorc2_lemuel,
          introduction_to_nature_1
D:11:     layout_basic, gammafunk_ghost_berserking_beasts,
          fedhas_altar_decomposition, uniq_sonja
D:12:     layout_grid_maze
D:13:     layout_rooms, david_vaults_3, basic_altar
D:14:     layout_gridville
D:15:     hangedman_depths_entry_try_elsewhere_first, layout_irregular_city,
          serial_ice, serial_ice_j, serial_ice_n, serial_ice_f, serial_ice_m,
          nrook_loot_triangle
Temple:   compressed_dpeg_circular_temple
Lair:1:   layout_big_grid, lemuel_fruit_fields
Lair:2:   layout_cave_shapes, dummy_spider_entry, nicolae_quartered_pool_super,
          minmay_lair_oklob_chamber
Lair:3:   layout_regular_city, grunt_megastairs_3
Lair:4:   layout_long_grid, nicolae_swamp_entry_splash_gauntlet,
          grunt_megastairs_4, lemuel_fruit_tree
Lair:5:   layout_cave_pods, slime_altar_1, gammafunk_ghost_cemetery, uniq_snorg
Lair:6:   guppyfry_lair_end_dragon, layout_gridlike, wormcave,
          gammafunk_ghost_abyssal_escape, nicolae_volcano_entry_batcave,
          kennysheep_abandoned_house, uniq_kirke
Swamp:1:  layout_basic_swamp, hangedman_swamp_ruin_wall
Swamp:2:  layout_falls_marsh, evilmike_swamp_ruin_rubble_2
Swamp:3:  layout_basic_swamp, evilmike_swamp_ruin_house_6
Swamp:4:  byrel_swamp_growth_death_and_undeath, layout_basic_swamp
Spider:1: layout_spider_delve
Spider:2: layout_spider_delve, drop_trap, nicolae_crawler_farm, uniq_arachne
Spider:3: layout_spider_delve, nzn_ghost_randoct, uniq_mara, uniq_roxanne
Spider:4: grunt_spider_rune_circles, uniq_aizul, uniq_donald
Orc:1:    layout_caves, uniq_jorgrun
Orc:2:    grunt_orc_cross, layout_diamond_mine
Elf:1:    eino_elf_arrival_the_gate, layout_gridlike, serial_shops, shop,
          nicolae_shop_temple_entry_statues_fountains, shop, shop_fountains,
          portal_desolation_entry_nicolae_slug, hangedman_elf_represent,
          dk_noncrumbling_2, fake_guardian_serpent_vault
Elf:2:    layout_loops_corners, enter_trove_0, serial_shops, shop,
          library_closet
Vaults:1: nicolae_vaults_circle_grid_b, ontoclasm_vaults_eye,
          dpeg_vaults_monster_box, v_alt_pattern_2, nicolae_vaults_rhombus_5,
          hangedman_vaults_impose, hangedman_vaults_variations,
          vaults_mumra_chevron, v_rooms_4, grunt_vaults_funnel,
          grunt_vaults_focal, layout_vaults_omnicross, serial_shops,
          nicolae_shop_waterfront
Vaults:2: vaults_room_corners, nicolae_vaults_little_squares_5,
          hangedman_vaults_maws, vaults_mumra_hex, v_misc_14,
          nicolae_vaults_network_periphery, v_misc_8,
          nicolae_vaults_three_branches, sword_in_stone, layout_vaults_big_room,
          serial_shops, shop_statue
Vaults:3: minmay_crypt_entry_vampire_xt, vaults_dpeg_encased_lava, v_misc_23,
          nicolae_vaults_hallways_thing, v_misc_30, vaults_room_hallway,
          grunt_vaults_hallway_long, hangedman_vaults_nails, layout_vaults_ring
Vaults:4: ontoclasm_vaults_fire_temple, ontoclasm_vaults_pinch, v_misc_24,
          v_alt_pattern_3, nicolae_vaults_little_squares_4, vaults_room_pool,
          nicolae_vaults_ring_of_whatevers, v_misc_3, vaults_mumra_hexcomb,
          nicolae_vaults_little_squares_4, layout_vaults_omnigrid, serial_shops,
          shop_fountains, uniq_sojobo
Vaults:5: uniq_frederick
Crypt:1:  gammafunk_sealed_arena, layout_chaotic_city
Crypt:2:  layout_chaotic_city, minicrypt_bobbens
Crypt:3:  david_glass_crypt, layout_rooms,
          nicolae_tomb_entry_unfolded_pyramid_orthogonal, glass_columns_b
Depths:1: layout_roguey, minmay_misc_feat_alley, hellmouth_2,
          gammafunk_ghost_wrathful_warriors, ice2_lemuel
Depths:2: grunt_deathspiral_large, layout_gridville, grunt_decor_mini_mirrors,
          hell_entry, corexii_hall_statues_deadend, nrook_mini_backslash,
          hangedman_decor_lopped, uniq_bai_suzhen, uniq_asterion
Depths:3: regret_index_dithmenos_brocken_genspenst, layout_gridville,
          abyss_entry, rand_demon_pan_entry_5, hell_entry,
          infiniplex_staircase_zigzag_5, serial_shops, freezing_bzr,
          kennysheep_inner_square
Depths:4: minmay_tri_stars, layout_cave_pools, enter_ziggurat_b, special_room
          [special_room_jelly], hell_entry, abyss_entry, serial_shops,
          nicolae_shop_trees, shop_statue, minmay_misc_feat_iff,
          kennysheep_underground_church, serial_bayou_shore_b
Depths:5: grunt_x_marks_the_spot, layout_cave_shapes, pan_entry,
          minmay_room_of_horrors, roderic_roman_lattice, hell_entry,
          horrible_house_mu
Zot:1:    hangedman_orp_of_zott, layout_twisted_circle,
          ebering_ghost_inner_flame
Zot:2:    grunt_zot_stairs_overgrown, layout_basic
Zot:3:    gammafunk_the_bubble [the_bubble_gammafunk_split],
          layout_onion_interference
Zot:4:    layout_misc_corridors, lemuel_baited_zot_trap, drop_trap
Zot:5:    layout_gridlike, drop_trap, st_stairs_6

Skill      XL: |  1  2  3  4  5  6  7  8  9 10 11 12 13 14 15 16 17 18 19 20 21 22 23 24 25 26 27 |
---------------+----------------------------------------------------------------------------------+-----
Polearms       | 4 5 6 7 8 10 12 14 15 16 17 18 19 20 21 22 23 24 25 26 27 | 27.0
Dodging        | 2 4 5 7 8 10 11 12 13 14 15 16 17 18 19 20 21 22 23 | 23.3
Stealth        | 1 3 5 6 7 9 10 11 12 | 12.1
Evocations     | 1 2 4 5 6 7 8 9 10 11 12 13 14 15 16 17 18 | 18.4
Fighting       | 4 5 6 8 9 10 11 12 13 14 15 16 17 18 19 20 | 20.1
Shields        | 4 5 6 7 8 9 10 14 15 16 17 18 19 20 | 20.8
Armour         | 3 4 5 6 7 8 9 10 11 12 13 14 15 | 15.3

Action                   |  1- 3 |  4- 6 |  7- 9 | 10-12 | 13-15 | 16-18 | 19-21 | 22-24 | 25-27 || total
-------------------------+-------+-------+-------+-------+-------+-------+-------+-------+-------++-------
Melee: Trident           |   113 |   361 |   378 |       |       |       |       |       |       ||   852
       Tailslap          |       |     2 |       |     7 |    60 |   129 |       |     4 |       ||   202
       Spear             |       |       |   554 |  1274 |  3951 |  2539 |       |       |       ||  8318
       Demon trident     |       |       |       |       |       |   721 |  2192 |  1915 |  2466 ||  7294
Throw: Javelin           |       |       |     4 |       |       |     8 |     1 |     1 |       ||    14
Invok: Potion Petition   |       |       |     1 |       |     1 |     5 |       |     1 |    13 ||    21
       Call Merchant     |       |       |       |       |     2 |     2 |       |     1 |     1 ||     6
       Bribe Branch      |       |       |       |       |       |       |       |       |     2 ||     2
Evoke: Wand              |       |       |    10 |    32 |    36 |    30 |    16 |    27 |    29 ||   180
       Box of beasts     |       |       |       |       |       |       |       |       |     1 ||     1
  Use: Scroll            |       |     6 |    15 |    11 |    18 |    15 |    12 |    13 |    28 ||   118
       Potion            |       |     3 |    10 |     4 |     5 |     9 |     2 |     3 |    11 ||    47
 Stab: Distracted        |       |       |     4 |     4 |    30 |    19 |    17 |    25 |    14 ||   113
       Sleeping          |       |       |       |     8 |    16 |       |       |       |       ||    24
       Paralysed         |       |       |       |     4 |       |     9 |       |       |       ||    13
       Invisible         |       |       |       |       |    13 |       |       |       |       ||    13
       Confused          |       |       |       |       |       |     4 |       |       |       ||     4
       Held in net/web   |       |       |       |       |       |     2 |       |       |       ||     2
Armor: Scale mail        |    42 |    87 |   108 |       |       |       |       |       |       ||   237
       Skin              |       |     7 |       |       |       |       |       |       |       ||     7
       Pearl dragon scal |       |       |    74 |   232 |   590 |       |       |       |       ||   896
       Crystal plate arm |       |       |       |       |    73 |  1393 |   546 |   525 |   711 ||  3248
Dodge: Dodged            |    21 |    52 |   159 |   365 |  1188 |  1047 |   502 |   621 |   880 ||  4835
Block: Kite shield       |    47 |   125 |   251 |   354 |  1431 |  2349 |  1253 |  1098 |  1426 ||  8334
       Reflection        |       |       |       |       |       |       |   138 |   141 |    39 ||   318
